AoeStats
← Tomate

Arena

509787558Analyzed
3v3 RM · 6d ago on Sep 28, 2026· 35m 48s· 6 players
Game mode
Random Map
Map size
Normal (6 player)
Population
200
Speed
Normal
Resources
Standard
Victory
Conquest
Starting age
Dark Age
Ending age
Imperial Age
RankedLock teamsTeams togetherTeam positionsShared explorationLock speedFull tech treeHidden civsTurbo modeCheats
Victory
Defeat
🇨🇱 Bulgarians · Chile
932
+15
🇨🇱 Bohemians · Chile
912
+15
🇨🇱 Turks · Chile
910
+16
🇨🇱 Portuguese · Chile
961
-17
🇨🇱 Magyars · Chile
960
-18
🇨🇱 Chinese · Chile
784
-11
Tomate
11:01 Feudal Age
15:44 Castle Age
14:08 Double-Bit Axe
14:06 Horse Collar
15:16 Bloodlines
22:18 Wheelbarrow
22:09 Bow Saw
22:03 Town Watch
24:30 Hand Cart
24:50 Scale Barding Armor
24:48 Husbandry
26:11 Chain Barding Armor
25:39 Loom
26:15 Stone Mining
27:13 Fletching
zdary
0:35 Loom
13:16 Feudal Age
14:32 Wheelbarrow
13:41 Horse Collar
13:48 Double-Bit Axe
13:56 Gold Mining
20:32 Castle Age
19:29 Stone Mining
22:03 Town Watch
22:58 Stone Shaft Mining
24:48 Caravan
26:29 Padded Archer Armor
26:20 Fletching
27:58 Hand Cart
30:19 Town Patrol
31:22 Ballistics
31:12 Thumb Ring
32:56 Gold Shaft Mining
32:23 Heavy Plow
32:36 Bow Saw
nnickk0
10:18 Feudal Age
14:16 Castle Age
12:48 Double-Bit Axe
15:39 Scale Barding Armor
15:29 Loom
18:27 Fervor
18:13 Horse Collar
21:00 Wheelbarrow
23:23 Hand Cart
23:57 Bow Saw
25:31 Gold Mining
27:14 Heavy Plow
26:57 Man-at-Arms
27:26 Gambesons
27:41 Long Swordsman
29:20 Forging
31:42 Scale Mail Armor
32:00 Crossbowman
XezkitoDelFlow
2:09 Loom
12:54 Feudal Age
14:42 Horse Collar
14:53 Double-Bit Axe
16:13 Wheelbarrow
19:47 Castle Age
18:46 Arson
22:32 Squires
22:19 Gambesons
28:13 Scale Mail Armor
28:24 Forging
28:16 Padded Archer Armor
28:41 Thumb Ring
28:28 Elite Skirmisher
35:05 Fletching
35:31 Chain Mail Armor
35:52 Iron Casting
35:33 Leather Archer Armor
Rodrigo Da Silva
4:29 Loom
12:22 Feudal Age
15:47 Wheelbarrow
16:59 Forging
19:41 Horse Collar
19:58 Double-Bit Axe
23:28 Castle Age
23:41 Fletching
23:56 Scale Mail Armor
28:46 Bow Saw
29:57 Chemistry
29:41 Hand Cart
32:52 Bodkin Arrow
! benjA -
12:26 Feudal Age
16:21 Castle Age
21:19 Imperial Age
18:43 Double-Bit Axe
19:02 Gold Mining
25:03 Wheelbarrow
32:55 Horse Collar
Connection lost

Rejoining the realm…

Still unreachable

The connection could not be restored.

Session expired

The server has moved on; the page needs a fresh start.